Map: Terraform LE (Void)

Players

Vortex

  • Race: Terran Terran
  • League: Grandmaster

Novak - Winner!

  • Race: Protoss Protoss
  • League: Grandmaster

VOD

https://www.youtube.com/watch?v=8NlEceQv0dk

Description

Game (1)
Vortex the Terran's TVP

Game 2 can be found
https://www.youtube.com/watch?v=ObPMI-wllgc

Time

  • Played on: Oct. 18, 2015, 12:14 p.m.
  • Length: 8:18
Show
View Real Time Build Order
Export as new Build Order

Vortex Terran 

Build Orders: MMM Bio 

Get SALT Encoding   

  12  0:01  SCV  
  13  0:13  SCV  
  14  0:19  Supply Depot  
  14  0:25  SCV  
  15  0:36  Refinery  
  15  0:40  SCV  
  16  0:46  Barracks  
  16  0:53  SCV  
  17  1:05  SCV  
  17  1:06  Barracks  
  18  1:18  SCV  
  19  1:33  Orbital Command  
  19  1:35  Marine  
  20  2:00  Command Center  
  20  2:04  SCV  
  20  2:07  Barracks Tech Lab  
  21  2:10  Barracks Reactor  
  21  2:20  SCV  
  22  2:27  Supply Depot  
  22  2:32  SCV  
  22  2:34  Stimpack  
  23  2:43  Supply Depot  
  23  2:48  Marine  
  24  2:51  Factory  
  24  2:53  Marine  
  24  2:54  Marine  
  24  2:56  SCV  
  27  3:00  Supply Depot  
  27  3:08  SCV  
  28  3:14  Refinery  
  28  3:19  Marauder, Marine x2  
  32  3:24  Supply Depot  
  32  3:26  Orbital Command  
  32  3:31  SCV  
  33  3:46  Starport  
  33  3:48  Supply Depot, SCV  
  34  3:54  SCV  
  37  3:55  Marauder  
  37  3:58  Marine  
  37  4:00  SCV  
  39  4:11  SCV  
  39  4:12  SCV  
  41  4:19  Barracks  
  41  4:22  Barracks  
  41  4:26  Medivac  
  41  4:28  SCV  
  41  4:29  SCV  
  45  4:33  Supply Depot  
  45  4:40  SCV  
  45  4:41  SCV  
  45  4:43  Combat Shields  
  47  4:53  SCV x2  
  49  5:00  Medivac  
  49  5:03  Marauder, Marine x2  
  49  5:05  SCV  
  49  5:06  SCV  
  57  5:07  Supply Depot  
  57  5:14  Supply Depot  
  57  5:17  Barracks Tech Lab  
  57  5:18  Barracks Reactor  
  54  5:54  SCV x2  
  56  5:59  Marauder, Marine x4  
  56  6:00  Concussive Shells  
  56  6:02  Medivac  
  64  6:06  SCV  
  64  6:07  SCV  
  64  6:10  Engineering Bay  
  66  6:15  Engineering Bay  
  62  6:43  Marine x2, Marauder  
  62  6:44  Marine x3  
  69  7:01  SCV x2, Marine x3  
  71  7:02  Marauder  
  76  7:12  Refinery  
  76  7:17  Command Center  
  69  7:41  SCV  
  69  7:42  SCV  
  65  7:46  Marine x2  
  65  7:47  Barracks Tech Lab  
  65  7:48  Barracks Tech Lab  
  68  7:57  Marine  
  61  8:16  Bunker  
Show
View Real Time Build Order
Export as new Build Order

Novak Protoss - Winner!

Build Orders: Blink Stalkers 

Get SALT Encoding   

  12  0:01  Probe (Chrono Boost)  
  13  0:11  Probe (Chrono Boost)  
  14  0:18  Pylon  
  14  0:22  Probe (Chrono Boost)  
  15  0:36  Probe (Chrono Boost)  
  15  0:38  Gateway  
  15  0:42  Assimilator  
  16  0:48  Probe (Chrono Boost)  
  17  0:58  Probe (Chrono Boost)  
  18  1:09  Probe (Chrono Boost)  
  19  1:13  Pylon  
  19  1:20  Probe (Chrono Boost)  
  19  1:25  Cybernetics Core  
  20  1:30  Probe (Chrono Boost)  
  21  1:42  Probe (Chrono Boost)  
  22  1:48  Nexus  
  22  1:55  Pylon  
  22  2:02  Assimilator  
  22  2:03  Warp Gate  
  22  2:07  Mothership Core (Chrono Boost)  
  24  2:25  Probe (Chrono Boost)  
  25  2:31  Stalker  
  25  2:36  Probe (Chrono Boost)  
  28  2:40  Pylon  
  28  2:46  Probe (Chrono Boost)  
  29  2:57  Probe (Chrono Boost)  
  30  3:02  Probe (Chrono Boost)  
  31  3:06  Robotics Facility  
  31  3:07  Twilight Council, Probe (Chrono Boost)  
  32  3:13  Probe (Chrono Boost)  
  32  3:18  Probe (Chrono Boost)  
  34  3:23  Probe (Chrono Boost)  
  34  3:26  Pylon  
  35  3:29  Probe (Chrono Boost)  
  35  3:33  Stalker  
  39  3:34  Probe (Chrono Boost)  
  39  3:39  Probe (Chrono Boost)  
  40  3:43  Probe (Chrono Boost)  
  40  3:45  Blink (Chrono Boost)  
  41  3:50  Probe  
  41  3:53  Probe  
  43  4:00  Observer, Pylon  
  43  4:02  Probe  
  45  4:04  Probe  
  46  4:11  Gateway  
  46  4:13  Gateway  
  46  4:14  Probe  
  46  4:16  Gateway  
  47  4:20  Assimilator  
  47  4:21  Assimilator  
  47  4:25  Observer  
  47  4:26  Probe  
  47  4:31  Forge  
  49  4:34  Probe  
  49  4:35  Pylon  
  50  4:38  Probe  
  50  4:44  Probe  
  51  4:50  Probe  
  51  4:51  Warp Prism  
  55  4:53  Stalker  
  55  4:58  Pylon  
  57  5:02  Gateway  
  57  5:05  Gateway  
  57  5:10  Protoss Ground Weapons Level 1  
  57  5:27  Stalker  
  59  5:28  Stalker x2  
  59  5:29  Stalker  
  65  6:10  Stalker, Zealot x3  
  65  6:11  Zealot x2  
  75  6:20  Charge (Chrono Boost)  
  60  6:39  Probe  
  60  6:40  Probe  
  60  6:42  Stalker x2  
  60  6:43  Stalker x3  
  60  6:45  Zealot  
  72  6:49  Probe  
  72  6:52  Probe  
  69  7:09  Stalker x2  
  69  7:10  Stalker x4  
  81  7:35  Stalker x4  
  89  7:38  Probe  
  89  7:42  Probe  
  91  8:03  Stalker x2  
Tags
 
Add a new tag
Caveats
  • Supply blocks, unpowered buildings, or Contaminate may cause inaccurate times.
  • Supply counts are checked every 10 seconds.